 Dungeon Crawl Stone Soup version 0.17-a0-1714-g35622ae (webtiles) character file.

10068 kae the Fencer (level 11, -15/92 HPs)
             Began as a Minotaur Fighter on Aug 23, 2015.
             Demolished by a hill giant
             ... wielding a +0 giant spiked club
              (22 damage)
             ... on level 10 of the Dungeon.
             The game lasted 00:18:12 (13390 turns).

kae the Fencer (Minotaur Fighter)                  Turns: 13390, Time: 00:18:12

Health: -15/92     AC: 11    Str: 24    XL:     11   Next: 31%
Magic:  10/10      EV:  7    Int:  7    God:
Gold:   600        SH: 10    Dex: 12    Spells: 0 memorised, 10 levels left

rFire  . . .     SeeInvis .     a - +1 long sword
rCold  . . .     Clarity  .     b - +0 scale mail
rNeg   . . .     SustAt   .     c - +0 shield
rPois  .         Gourm    .     (helmet restricted)
rElec  .         Spirit   .     t - +2 cloak
rCorr  .         Warding  .     (no gloves)
rMut   +         Stasis   .     (no boots)
MR     .....                    B - amulet of resist mutation
Stlth  ..........               (no ring)
                                I - +2 ring of strength

@: not resistant to hostile enchantments, extremely unstealthy
A: retaliatory headbutt, horns 2, agile 1
a: no special abilities


You were on level 10 of the Dungeon.
You were hungry.

You visited 2 branches of the dungeon, and saw 12 of its levels.

You collected 600 gold pieces.

Inventory:

Hand weapons
 a - a +1 long sword (weapon)
Armour
 b - a +0 scale mail (worn)
 c - a +0 shield (worn)
 t - a +2 cloak (worn)
Jewellery
 k - an uncursed ring of teleportation
 B - an amulet of resist mutation (around neck)
 I - a +2 ring of strength (left hand)
Magical devices
 h - a wand of slowing (24)
 j - a wand of lightning (10)
 l - a wand of slowing (35)
 v - a wand of random effects (41)
 E - a wand of heal wounds (4)
 G - a wand of random effects (23)
Scrolls
 d - 2 scrolls of recharging
 i - 5 scrolls of teleportation
 q - 2 scrolls of remove curse
 r - 2 scrolls of enchant weapon
 s - 4 scrolls of enchant armour
Potions
 g - 2 potions of flight
 n - a potion of mutation
 x - a potion of ambrosia
 z - a potion of magic {unknown}
 C - a potion of lignification {unknown}
 D - a potion of heal wounds
 F - a potion of curing
 J - a potion of berserk rage {unknown}
Books
 e - Pojutra's Collected Works on Icy Enchantment
   (You found it on level 9 of the Dungeon)

   Spells                             Type                      Level
   a - Corona                         Hexes                        1
   b - Gell's Gravitas                Hexes/Translocation          3
   c - Ice Form                       Ice/Transmutation            4
   d - Silence                        Hexes/Air                    5
   e - Bolt of Cold                   Conjuration/Ice              6
Comestibles
 f - 5 fruits
 m - 6 bread rations
 o - a royal jelly
 p - 4 meat rations
 u - 3 beef jerkies
 A - 7 slices of pizza


   Skills:
 + Level 7.3 Fighting
 - Level 17.8 Long Blades
 + Level 7.5 Armour
 - Level 3.6 Shields


You had 10 spell levels left.
You didn't know any spells.

Dungeon Overview and Level Annotations

Branches:
Dungeon (11/15)            Temple (1/1) D:6
   Lair: D:8-11         Orc: D:9-12

Altars:
Ashenzari
Cheibriados
Dithmenos
Elyvilon
Fedhas
Gozag
Kikubaaqudgha
Nemelex Xobeh
Okawaru
Qazlal
Ru
Sif Muna
Trog
Xom
Yredelemnul
Zin
The Shining One

Shops:
D:4 [   D:9 (


Innate Abilities, Weirdness & Mutations

You reflexively headbutt those who attack you in melee.
You have a pair of horns on your head.
You are agile. (Dex +2)


Message History

The hill giant is heavily wounded.
You hit the hill giant but do no damage.
The hill giant is heavily wounded.
The hill giant barely misses you.
You hit the hill giant.
The hill giant is severely wounded.
You hit the hill giant but do no damage.
You headbutt the hill giant.
The hill giant is severely wounded.
The hill giant hits you with a giant spiked club!!
* * * LOW HITPOINT WARNING * * *
You are too injured to fight recklessly!
You are too injured to fight recklessly!
You are too injured to fight recklessly!
Your shield and scale mail prevent you from hitting the hill giant.
The hill giant is severely wounded.
You hit the hill giant.
The hill giant is severely wounded.
The hill giant hits you with a giant spiked club!!
You die...

##########'## ##.####
#)# ##.# ####.# ###..#
#..>.# #...## ##.####
##.########## #..#
###...†.......#
###'#####......>......#
#.........#...........#
#.....C@..#...........#
#........##...........##
#........##.............
#........##...........##
##'###########.########
###.# #.#### ##...#
#....## #..### ####..###
##.########## ##...#


You could see a hill giant.

Vanquished Creatures
  An unseen horror (D:8)
  The ghost of Nico3ck the Carver, an experienced HEWz of Kikubaaqudgha (D:8)
  Pikel (D:5)
  A hill giant (D:10)
  Psyche (D:10)
  A centaur skeleton (D:10)
  Prince Ribbit (D:9)
  2 wyverns (D:10)
  9 yaks
  A human (D:7)
  A wraith (D:10)
  The ghost of kae the Slasher, an average MiFi of Qazlal (D:3)
  Menkaure (D:4)
  3 orc warriors
  4 ice beasts
  4 sky beasts
  4 slaves (D:5)
  A phantom (D:7)
  The ghost of Charly the Poker, an average CeCK of Xom (D:5)
  4 ogres
  5 centaurs
  3 big kobolds
  8 giant frogs
  A water moccasin skeleton (D:9)
  12 killer bees
  3 scorpions
  3 wights (D:9)
  6 crimson imps
  5 hounds
  2 jellies
  8 orc priests
  2 quasits
  Crazy Yiuf (D:3)
  A giant frog zombie (D:9)
  Terence (D:3)
  4 iguanas
  13 worker ants
  5 orc wizards
  3 sheep (D:7)
  2 hound zombies
  2 shadow imps
  8 adders
  2 oozes
  An adder zombie (D:8)
  5 worms
  An adder skeleton (D:9)
  8 giant geckos
  48 orcs
  3 ball pythons
  12 bats
  4 giant cockroaches
  12 goblins
  9 hobgoblins
  22 kobolds
  6 quokkas
  3 giant newts
  12 rats
  2 butterflies (D:6)
291 creatures vanquished.

Notes
Turn   | Place    | Note
--------------------------------------------------------------
     0 | D:1      | kae the Minotaur Fighter began the quest for the Orb.
     0 | D:1      | Reached XP level 1. HP: 19/19 MP: 0/0
    70 | D:1      | Reached XP level 2. HP: 20/26 MP: 1/1
   115 | D:1      | Found a shimmering altar of Xom.
   203 | D:1      | Reached skill level 4 in Long Blades
   284 | D:1      | Reached XP level 3. HP: 29/31 MP: 2/2
   633 | D:2      | Reached skill level 5 in Long Blades
   916 | D:2      | Reached XP level 4. HP: 39/39 MP: 3/3
  1564 | D:3      | Noticed Terence
  1571 | D:3      | Killed Terence
  1571 | D:3      | Reached skill level 6 in Long Blades
  1577 | D:3      | Found a sparkling altar of Nemelex Xobeh.
  1585 | D:3      | Found a glowing golden altar of the Shining One.
  1586 | D:3      | Found a glowing silver altar of Zin.
  1586 | D:3      | Found a bloodstained altar of Trog.
  1590 | D:3      | Found a shimmering altar of Xom.
  1622 | D:3      | Reached XP level 5. HP: 45/45 MP: 4/4
  1724 | D:3      | Noticed kae's ghost (average MiFi)
  1739 | D:3      | Killed kae's ghost
  1739 | D:3      | Reached skill level 7 in Long Blades
  1739 | D:3      | Reached XP level 6. HP: 11/51 MP: 5/5
  2462 | D:3      | Noticed Crazy Yiuf
  2475 | D:3      | Killed Crazy Yiuf
  2475 | D:3      | Reached skill level 8 in Long Blades
  3074 | D:4      | Found Niero's Armour Emporium.
  3323 | D:4      | Reached skill level 9 in Long Blades
  3366 | D:4      | Reached XP level 7. HP: 48/57 MP: 6/6
  3482 | D:5      | Entered Level 5 of the Dungeon
  3596 | D:5      | Noticed Menkaure
  3599 | D:5      | Noticed Pikel
  4171 | D:4      | Killed Menkaure
  4465 | D:5      | Killed Pikel
  4465 | D:5      | Reached skill level 11 in Long Blades
  4465 | D:5      | Reached XP level 8. HP: 64/64 MP: 7/7
  4619 | D:5      | Reached skill level 12 in Long Blades
  4757 | D:5      | Noticed Charly's ghost (average CeCK)
  4886 | D:5      | Killed Charly's ghost
  5561 | D:6      | Reached skill level 13 in Long Blades
  5917 | D:6      | Reached XP level 9. HP: 33/70 MP: 8/8
  6084 | D:6      | Reached skill level 14 in Long Blades
  6241 | D:6      | Found a staircase to the Ecumenical Temple.
  6251 | Temple   | Entered the Ecumenical Temple
  6556 | D:6      | HP: 3/70 [killer bee (1)]
  7232 | D:7      | Reached skill level 15 in Long Blades
  7490 | D:7      | Found a sacrificial altar of Ru.
  7490 | D:7      | Found a blossoming altar of Fedhas.
  8188 | D:8      | Reached skill level 16 in Long Blades
  8262 | D:8      | HP: 1/70 [something/magic dart (4)]
  8455 | D:8      | Noticed Nico3ck's ghost (experienced HEWz)
  8462 | D:8      | Killed Nico3ck's ghost
  8462 | D:8      | Reached XP level 10. HP: 72/77 MP: 9/9
  9494 | D:8      | Killed an unseen horror
  9616 | D:8      | Reached skill level 17 in Long Blades
 10376 | D:9      | HP: 2/77 [killer bee (3)]
 11241 | D:9      | Found Cuneos's Antique Weapon Shoppe.
 11647 | D:9      | Identified Pojutra's Collected Works on Icy Enchantment
 11657 | D:9      | Noticed Prince Ribbit
 11673 | D:9      | Killed Prince Ribbit
 11673 | D:9      | Reached skill level 5 in Fighting
 11752 | D:9      | Reached skill level 5 in Armour
 12002 | D:10     | Entered Level 10 of the Dungeon
 12002 | D:10     | Noticed Psyche
 12016 | D:10     | Killed Psyche
 12016 | D:10     | Reached XP level 11. HP: 74/88 MP: 10/10
 13037 | D:10     | Noticed a hill giant
 13070 | D:10     | Killed a hill giant
 13253 | D:10     | Gained mutation: You are agile. (Dex +2) [potion of beneficial mutation]
 13378 | D:10     | Noticed a hill giant
 13390 | D:10     | Demolished by a hill giant

Vault maps used:
D:1:      dpeg_arrival_radiant, xom_teletrap_fun
D:2:      nicolae_overflow_hidden_temple
D:3:      minitemple, hangedman_decor_slide_cut, uniq_crazy_yiuf_cottage,
          uniq_terence
D:4:      serial_shops, shop, grunt_decor_arrowhead
D:5:      first_bread, uniq_menkaure, uniq_pikel
D:6:      minmay_temple_entry_butterflies
D:7:      gammafunk_temple_overflow_elements, grunt_livestock
D:9:      serial_shops, shop_coins, uniq_prince_ribbit1
D:10:     uniq_psyche
D:11:     david_lair_generic, onia_ninara_dug_in_and_dangerous, uniq_gastronok
Temple:   roderic_octagonal_lattice_temple

Action                   |  1- 3 |  4- 6 |  7- 9 | 10-12 || total
-------------------------+-------+-------+-------+-------++-------
Melee: Long sword        |   100 |   176 |   429 |   499 ||  1204
Evoke: Wand              |       |       |     1 |     2 ||     3
  Use: Scroll            |       |     4 |    12 |     6 ||    22
       Potion            |       |       |    13 |     5 ||    18
 Stab: Distracted        |       |       |     1 |       ||     1
       Invisible         |       |       |     1 |       ||     1
  Eat: Bread ration      |     1 |       |       |     2 ||     3
       Chunk             |       |     3 |    13 |     6 ||    22
       Pizza             |       |       |     1 |     1 ||     2
       Fruit             |       |       |     3 |       ||     3
